 Dungeon Crawl Stone Soup version 0.25-a0-670-g50981ef59b (webtiles) character file.

Game seed: 15396034124689512546, levelgen mode: deterministic

392 Amnesiac the Thaumaturge (level 6, 0/32 HPs)
             Began as a Deep Elf Wizard on Mar 29, 2020.
             Was an Initiate of Vehumet.
             Succumbed to Sigmund's poison
             ... on level 3 of the Dungeon.
             The game lasted 00:09:40 (2363 turns).

Amnesiac the Thaumaturge (Deep Elf Wizard)          Turns: 2363, Time: 00:09:40

Health: 0/32       AC:  7    Str:  4    XL:     6   Next: 50%
Magic:  9/20       EV: 14    Int: 25    God:    Vehumet [......]
Gold:   141        SH:  0    Dex: 16    Spells: 12/23 levels left

rFire    . . .     SeeInvis .   p - +0 whip
rCold    . . .     Gourm    .   (no shield)
rNeg     . . .     Faith    .   a - +0 robe
rPois    .         Spirit   .   b - +0 hat
rElec    .         Reflect  .   (no cloak)
rCorr    .         Harm     .   c - +2 pair of gloves {Dex+3}
MR       .....                  k - +1 pair of boots
Stlth    ++........             (no amulet)
HPRegen  0.10/turn              (no ring)
MPRegen  0.17/turn              (no ring)

@: brilliant, lethally poisoned (0 -> -13), very slightly contaminated
A: no striking features
a: Renounce Religion


You were on level 3 of the Dungeon.
You worshipped Vehumet.
Vehumet was noncommittal.
You were hungry.

You visited 2 branches of the dungeon, and saw 6 of its levels.

You collected 141 gold pieces.

Inventory:

Hand Weapons
 p - a +0 whip (weapon)
Armour
 a - a +0 robe (worn)
 b - a +0 hat (worn)
 c - a +2 pair of gloves of dexterity (worn)
 k - a +1 pair of boots (worn)
Jewellery
 m - a cursed amulet of inaccuracy {unknown}
Scrolls
 g - a scroll of magic mapping {!r}
 i - a scroll of enchant weapon {!r}
 l - a scroll of teleportation {!r}
Potions
 f - 2 potions of stabbing {!q}
Comestibles
 d - 3 rations


   Skills:
 - Level 4.1 Dodging
 - Level 2.4 Stealth
 * Level 9.2 Spellcasting
 - Level 1.1 Conjurations
 - Level 1.1 Summonings
 - Level 1.1 Translocations


You had 12 spell levels left.
You knew the following spells:

 Your Spells              Type           Power        Failure   Level  Hunger
a - Magic Dart            Conj           ####         3%          1    None
b - Call Imp              Summ           ####....     5%          2    None
e - Mephitic Cloud        Conj/Pois/Air  ###.....     14%         3    None
s - Conjure Flame         Conj/Fire      ###.....     13%         3    None
v - Blink                 Tloc           N/A          5%          2    None

Your spell library contained the following spells:

 Spells                   Type           Power        Failure   Level  Hunger
 Slow                     Hex            ###.....     9%          2    None


Dungeon Overview and Level Annotations

Branches:
Dungeon (5/15)             Temple (1/1) D:4

Altars:
Ashenzari
Cheibriados
Dithmenos
Fedhas
Gozag
Hepliaklqana
Kikubaaqudgha
Makhleb
Okawaru
Trog
Uskayaw
Vehumet
Wu Jian
Xom
Yredelemnul

Annotations:
D:3 Sigmund


Message History

You feel less confused.
You feel sick.
Casting: Mephitic Cloud (safe; 14% risk of failure)
Confirm with . or Enter, or press ? or * to list all spells.
A beastly little devil appears in a puff of flame.
You feel sick.
Sigmund is engulfed in noxious fumes.
Sigmund shouts, "What's happening?!"
The hobgoblin closely misses your crimson imp.
Casting: Call Imp (safe; 5% risk of failure)
Confirm with . or Enter, or press ? or * to list all spells.
A beastly little devil appears in a puff of flame.
You feel sick.
Sigmund is engulfed in noxious fumes.
Sigmund appears confused.
Sigmund barely misses your crimson imp.
The hobgoblin hits your crimson imp with a +0 club.
Casting: Call Imp (safe; 5% risk of failure)
Confirm with . or Enter, or press ? or * to list all spells.
A shadowy apparition takes form in the air.
You feel sick.
The hobgoblin barely misses your crimson imp.
Your crimson imp blinks!
Casting: Call Imp (safe; 5% risk of failure)
Confirm with . or Enter, or press ? or * to list all spells.
You miscast Call Imp.
You are very lightly contaminated with residual magic.
You feel a strange surge of energy!
You feel sick.
Sigmund hits you with a +6 scythe of venom.
* * * LOW HITPOINT WARNING * * *
Casting: Call Imp (safe; 5% risk of failure)
Confirm with . or Enter, or press ? or * to list all spells.
A beastly little devil appears in a puff of flame.
You feel sick. The hobgoblin barely misses you.
Sigmund hits you with a +6 scythe of venom!
* * * LOW HITPOINT WARNING * * *
You are more poisoned.
Your crimson imp blinks! x2
You swap places.
* * * LOW HITPOINT WARNING * * *
You feel sick.
Your shadow imp disappears in a puff of smoke!
The hobgoblin dies!
Vehumet accepts your kill.
You swap places.
* * * LOW HITPOINT WARNING * * *
You feel sick.
Sigmund chortles and stares into space.
What are your orders? t - Shout!
Orders for allies: a - Attack new target. p - Attack previous target. r - Retreat! s - Stop attacking. g - Guard the area. f - Follow me.
Anything else - Cancel.
Gang up on whom?
Press: ? - help, Dir - move target cursor, f/p - Sigmund
Aim: Sigmund, wielding a +6 scythe of venom and wearing a +0 robe (moderately wounded, confused) Attack!
* * * LOW HITPOINT WARNING * * *
You feel sick.
Your crimson imp blinks!
* * * LOW HITPOINT WARNING * * *
You feel sick. Sigmund barely misses your crimson imp.
Really quaff
q - a potion of brilliance {!q}?
You feel clever all of a sudden.
You die...

### #...
#....######
#.....@.).#
.........5>#
##.......5@#
#########5#
#.# #.# #.#
#.. #.#


You could see Sigmund (confused) and 3 friendly crimson imps.

Vanquished Creatures
  An ogre (D:4)
  A bullfrog (D:5)
  A howler monkey (D:4)
  An orc wizard (D:4)
  An iguana (D:4)
  A worker ant (D:4)
  An adder (D:4)
  A worm (D:3)
  A dart slug (D:1)
  3 orcs
  2 giant cockroaches
  3 goblins
  2 hobgoblins (D:1)
  A quokka (D:4)
  3 bats
  4 kobolds
  3 rats
30 creatures vanquished.

Vanquished Creatures (collateral kills)
  A scorpion (D:4)
  A crimson imp (D:5)
  An orc priest (D:4)
  A worker ant (D:4)
  A hound zombie (D:4)
  A hound skeleton (D:4)
  2 adders (D:4)
  An adder skeleton (D:4)
  A worm (D:3)
  A leopard gecko (D:4)
  8 orcs (D:4)
  A hobgoblin (D:3)
  A leopard gecko skeleton (D:4)
21 creatures vanquished.

Grand Total: 51 creatures vanquished

Notes
Turn   | Place    | Note
-------+----------+-------------------------------------------
     0 | D:1      | Amnesiac the Deep Elf Wizard began the quest for the Orb.
     0 | D:1      | Reached XP level 1. HP: 10/10 MP: 7/7
   248 | D:1      | Reached XP level 2. HP: 15/15 MP: 2/9
   253 | D:1      | Learned a level 2 spell: Call Imp
   325 | D:1      | Reached skill level 5 in Spellcasting
   490 | D:3      | Learned a level 2 spell: Blink
   719 | D:5      | Entered Level 5 of the Dungeon
   726 | D:5      | Noticed a crimson imp
   755 | D:5      | Killed a crimson imp
   755 | D:5      | Reached XP level 3. HP: 15/19 MP: 1/12
   760 | D:5      | Learned a level 3 spell: Mephitic Cloud
   772 | D:5      | Learned a level 3 spell: Conjure Flame
   788 | D:5      | Noticed a bullfrog
   812 | D:5      | Noticed an ice beast
   813 | D:5      | Killed a bullfrog
   813 | D:5      | Reached skill level 6 in Spellcasting
   813 | D:5      | Reached XP level 4. HP: 23/24 MP: 0/14
   924 | D:4      | Reached skill level 7 in Spellcasting
   924 | D:4      | Reached XP level 5. HP: 26/28 MP: 1/16
  1393 | D:4      | Found a staircase to the Ecumenical Temple.
  1408 | Temple   | Entered the Ecumenical Temple
  1775 | D:4      | Found a shadowy altar of Dithmenos.
  1790 | D:4      | Reached skill level 8 in Spellcasting
  1852 | D:4      | Reached XP level 6. HP: 15/32 MP: 10/19
  2045 | D:4      | Reached skill level 9 in Spellcasting
  2323 | Temple   | Became a worshipper of Vehumet
  2350 | D:3      | Noticed Sigmund
  2362 | D:3      | HP: 1/32 [poisoned by Sigmund]
  2363 | D:3      | Succumbed to Sigmund's poison

Levels and vault maps discovered:
D:1:      dpeg_arrival_water_temple_mockup, layout_basic, minmay_tetromino_l2
D:2:      layout_rooms, nicolae_overflow_crystal_walls
D:3:      layout_basic, uniq_robin, uniq_ijyb, uniq_terence, uniq_sigmund,
          uniq_jessica
D:4:      layout_basic, lemuel_doored_altar,
          minmay_temple_entry_statues_fountains, first_ration, elyvilon_altar_3,
          uniq_duvessa
D:5:      layout_loops_ring, nemelex_xobeh_ov_fountains_minmay,
          lemuel_blue_sif_altar
Temple:   eino_temple_water

Skill      XL: |  1  2  3  4  5  6 |
---------------+-------------------+-----
Spellcasting   | 5 6 7 8 9 |  9.2
Dodging        | 3 4 |  4.1
Stealth        | |  2.4
Conjurations   | |  1.1
Summonings     | |  1.1
Translocations | |  1.1

Action                   |  1- 3 |  4- 6 || total
-------------------------+-------+-------++-------
Melee: Unarmed           |     3 |       ||     3
       Whip              |    17 |    99 ||   116
 Cast: Magic Dart        |    64 |    19 ||    83
       Call Imp          |     6 |    27 ||    33
       Mephitic Cloud    |     1 |    11 ||    12
  Use: Scroll            |       |     8 ||     8
       Potion            |       |     5 ||     5
 Stab: Confused          |     2 |     9 ||    11
       Sleeping          |       |     4 ||     4
  Eat: Chunk             |       |     4 ||     4
Armor: Robe              |    11 |    34 ||    45
Dodge: Dodged            |    23 |    95 ||   118

Table legend:
 A = Non-vault XP
 B = Vault XP
 C = Vault XP percentage of total XP
 D = Non-vault monster count
 E = Vault monster count
 F = Vault count percentage of total count
                 A         B        C        D         E       F
            +---------+---------+-------+---------+---------+-------
      Total |     560 |       0 |   0.0 |      51 |       0 |   0.0
            +---------+---------+-------+---------+---------+-------
        D:1 |      18 |       0 |   0.0 |      10 |       0 |   0.0
        D:2 |       3 |       0 |   0.0 |       2 |       0 |   0.0
        D:3 |      15 |       0 |   0.0 |       8 |       0 |   0.0
        D:4 |     420 |       0 |   0.0 |      28 |       0 |   0.0
        D:5 |     104 |       0 |   0.0 |       3 |       0 |   0.0
            +---------+---------+-------+---------+---------+-------
